Unix NetHack Version 5.0.0-0 post-release - last build May  4 2026 22:22:43 (774f63e81ad911689b3a0859ea89b322d5daca8d,branch:main).

Game began 2026-05-07 04:09:18, ended 2026-05-07 04:24:58.

Brudee, chaotic female human Barbarian

                               ...
                               .@..
                               .f)%
                              .....
                             .....
                             .<..
                             ...

Brudee the Pillager        St:18 Dx:18 Co:18 In:8 Wi:8 Ch:6  Chaotic S:1404
Dlvl:4  $:8  HP:0(56) Pw:14(14) AC:6  Xp:5/263 T:1938 

Latest messages:
 You kill the gnome!
 The gnomish wizard points at you, then curses.
 The kitten bites!
 You miss the gnomish wizard.
 The kitten just misses!
 The gnomish wizard points at you, then curses.
 You smite the gnomish wizard.
 The kitten bites!
 The gnomish wizard points all around, then curses.
 It is hit.
 The gnome thrusts her dagger.
 The gnome hits!
 The kitten bites!
 You smite the gnomish wizard.
 The kitten bites!
 The gnomish wizard casts a spell at you!
 Your brain is on fire!
 It is hit.
 It is hit.
 The gnome thrusts her dagger.
 The gnome hits!
 You kill the gnomish wizard!
 The kitten bites!
 The dwarf is almost hit by a dart!
 The dwarf picks up a dart.
 The kitten bites!
 You are beginning to feel weak.
 Are you sure you want to pray? [yn] (n) y
 You begin praying to Set.
 You are surrounded by a shimmering light.
 The kitten starts to attack you, but pulls back.
 The dwarf starts to attack you, but pulls back.
 The gnome starts to attack you, but pulls back.
 The gnome starts to attack you, but pulls back.
 The kitten starts to attack you, but pulls back.
 The dwarf starts to attack you, but pulls back.
 The kitten starts to attack you, but pulls back.
 The gnome starts to attack you, but pulls back.
 The kitten starts to attack you, but pulls back.
 You finish your prayer.
 You feel that Set is well-pleased.
 Your stomach feels content.
 You kill the gnome!
 The kitten bites!
 The kitten bites!
 You see here a gnome corpse.
 The kitten bites!
 You die...
 Do you want your possessions identified? [ynq] (y) y
 Do you want to see your attributes? [ynq] (y) q

Inventory:
 Coins    ('$')
  $ - 8 gold pieces
 Weapons  (')')
  w - 7 cursed -2 darts
  j - a +0 shuriken
  b - a blessed +0 axe
  a - a +0 two-handed sword (alternate weapon; not wielded)
  q - a +0 spetum
 Armor    ('[')
  f - an uncursed +0 orcish helm (being worn)
  z - a cursed -1 pair of fumble boots (being worn)
  c - an uncursed +0 ring mail (being worn)
 Comestibles  ('%')
  r - an uncursed slime mold
  k - an uncursed candy bar labeled "Crispy Yum Yum"
  d - 2 uncursed food rations
  H - an uncursed lichen corpse
 Scrolls  ('?')
  J - a scroll of mail
 Potions  ('!')
  e - an uncursed potion of gain level
  v - a blessed potion of sickness
  I - an uncursed potion of sleeping
 Rings    ('=')
  D - a cursed ring of polymorph control (on right hand)
 Wands    ('/')
  g - a wand of probing (0:3)
  G - a wand of secret door detection (0:10)
 Tools    ('(')
  B - a can of grease (0:12)
  C - a can of grease (0:11)
  F - an uncursed magic whistle
  E - an uncursed stethoscope

Brudee the Barbarian's attributes:

Background:
 You were a Pillager, a level 5 female human Barbarian.
 You were chaotic, on a mission for Set
 who was opposed by Mitra (lawful) and Crom (neutral).
 You were right-handed.
 You were in the Gnomish Mines, on level 4.
 You entered the dungeon 1938 turns ago.
 It was nighttime.
 You had 263 experience points, 57 more were needed to attain level 6.
 Your score was 1404 before end-of-game adjustments.

Basics:
 You had 0 out of 56 hit points.
 You had all 14 energy points (spell power).
 Your armor class was 6.
 Your wallet contained 8 zorkmids.
 Autopickup was on for '$"?+!=/' plus thrown.

Final Characteristics:
 Your strength was 18 (limit:18/100).
 Your dexterity was 18 (limit:18).
 Your constitution was 18 (limit:18).
 Your intelligence was 8 (limit:18).
 Your wisdom was 8 (limit:18).
 Your charisma was 6 (limit:18).

Final Status:
 You fumbled.
 You weren't hungry.
 You were unencumbered.
 You were bare handed.
 You had basic skill with bare handed combat.

Final Attributes:
 You were devoutly aligned.
 You were poison resistant.
 You were warded.
 You had polymorph control.
 You are dead.

Miscellaneous:
 You didn't encounter any bones levels.
 Total elapsed playing time was 15 minutes and 38 seconds.

Major events:
 Turn
    1: Brudee the chaotic female human Barbarian entered the dungeon
  247: attained the rank of Pillager (level 3)
 1918: entered the Gnomish Mines
 1938: killed by a kitten

You didn't know any spells.

Skills:
 Fighting Skills
   bare handed combat [Basic]
   two weapon combat  [Unskilled]
   riding             [Unskilled]
 Weapon Skills
   dagger             [Unskilled]
   axe                [Basic]
   pick-axe           [Unskilled]
   short sword        [Unskilled]
   broadsword         [Unskilled]
   long sword         [Unskilled]
   two-handed sword   [Basic]
   saber              [Unskilled]
   club               [Unskilled]
   mace               [Unskilled]
   morning star       [Unskilled]
   flail              [Unskilled]
   hammer             [Unskilled]
   quarterstaff       [Unskilled]
   spear              [Unskilled]
   trident            [Unskilled]
   bow                [Unskilled]
 Spellcasting Skills
   attack spells      [Unskilled]
   escape spells      [Unskilled]

Voluntary challenges:
 Character rerolling was not enabled.
 You never genocided any monsters.
 You never polymorphed an object.
 You never changed form.
 You used no wishes.
Achievements:
 You entered a shop.
 You attained the rank of Pillager.
 You entered the Gnomish Mines.

 The Dungeons of Doom: levels 1 to 7
    Level 1:
       A grave.
    Level 2:
       A weapon shop, a fountain.
    Level 3:
       Stairs down to The Gnomish Mines.
    Level 4:
    Level 5:
    Level 6:
    Level 7:
       A general store.
 The Gnomish Mines:
    Level 4: <- You were here.
       Final resting place for
          you, killed by a kitten.


Vanquished creatures:
  a large mimic
  2 small mimics
  a gnomish wizard
  a little dog
  a giant bat
  a monkey
  2 iguanas
 an acid blob
  a manes
  a large kobold
  a giant rat
  a cave spider
  4 gnomes
  a gecko
  2 jackals
  a goblin
  a grid bug
  a bat
  3 lichens
  3 newts
30 creatures vanquished.

No species were genocided or became extinct.

Game over:
                       ----------
                      /          \
                     /    REST    \
                    /      IN      \
                   /     PEACE      \
                  /                  \
                  |      Brudee      |
                  |       8 Au       |
                  |   killed by a    |
                  |      kitten      |
                  |                  |
                  |                  |
                  |       2026       |
                 *|     *  *  *      | *
        _________)/\\_//(\/(/\)/\//\/|_)_______

Goodbye Brudee the Barbarian...

You died in The Gnomish Mines on dungeon level 4 with 1404 points,
and 8 pieces of gold, after 1938 moves.
You were level 5 with a maximum of 56 hit points when you died.

